[Event "Titled Tuesday Blitz October 11 Early 2022"]
[White "Skliarov, Viktor"]
[Black "Salman, Pavel"]
[WhiteFideId "14106736"]
[BlackFideId "24153753"]
[WhiteElo "2284"]
[BlackElo "2187"]
[Result "0-1"]
[Round "11"]
[TimeControl "180+1"]
[Date "2022.10.12"]
[WhiteClock "0:00:14"]
[BlackClock "0:00:08"]

1. e4 c5 2. Nf3 e6 3. c3 Nf6 4. Bd3 Nc6 5. Bc2 d5 6. e5 Nd7 7. d4 Qb6 8. O-O Be7 9. a3 a5 10. Qd3 Nf8 11. Rd1 Ng6 12. Nbd2 c4 13. Qe3 a4 14. Nf1 Bd7 15. Ng5 Na5 16. Rb1 Nb3 17. Qg3 Nxc1 18. Rdxc1 Bxg5 19. Qxg5 Qd8 20. Qe3 Qh4 21. g3 Qh3 22. Bd1 h5 23. Bf3 Qf5 24. h4 Ne7 25. Qe2 O-O-O 26. Ne3 Qh7 27. Nxc4 dxc4 28. Qxc4+ Bc6 29. b3 Kd7 30. Bxc6+ bxc6 31. Qxa4 Ra8 32. Qb4 Rhb8 33. Qd6+ Ke8 34. Re1 Qd3 35. Qc5 Rb5 36. Qc4 Qxc4 37. bxc4 Rxb1 38. Rxb1 Rxa3 39. Rc1 c5 40. Kf1 Kd7 41. Ke2 Nf5 42. d5 Ra4 43. Kd3 f6 44. exf6 gxf6 45. dxe6+ Kxe6 46. Re1+ Kd6 47. Re8 Ra2 48. Rd8+ Ke6 49. Rc8 Rxf2 50. Rxc5 Rf3+ 51. Ke4 Rf1 52. Rc6+ Nd6+ 53. Ke3 Kd7 54. Rc5 f5 55. Rd5 Ke6 56. Rc5 Rc1 57. Kd3 Rg1 58. Rc7 Rxg3+ 59. Kd4 Rg4+ 60. Kc5 Rxc4+ 61. Kb6 Rxc7 62. Kxc7 Nb5+ 0-1


[Site "https://www.chess.com"]

[Event "Titled Tuesday Blitz October 11 Early 2022"]
[White "Smietanska, Wiktoria"]
[Black "Alexikov, Alexander"]
[WhiteFideId "21869359"]
[BlackFideId "14103958"]
[WhiteElo "1854"]
[BlackElo "2222"]
[Result "1-0"]
[Round "11"]
[TimeControl "180+1"]
[Date "2022.10.12"]
[WhiteClock "0:00:03"]
[BlackClock "0:00:02"]

1. c4 Nf6 2. Nc3 g6 3. g3 Bg7 4. Bg2 d6 5. e4 O-O 6. Nge2 c6 7. O-O e5 8. d3 a6 9. h3 b5 10. b3 b4 11. Na4 c5 12. f4 exf4 13. Bxf4 Ra7 14. Rc1 Nc6 15. Qd2 Nh5 16. Be3 Be5 17. g4 Ng3 18. Nxg3 Bxg3 19. Bh6 Re8 20. Bg5 Qd7 21. Nb6 Qe6 22. Nxc8 Qxc8 23. Bf6 Be5 24. g5 Re6 25. h4 Bxf6 26. gxf6 Qd8 27. Qg5 Nd4 28. Rf2 Qf8 29. Bh3 Re5 30. Qg4 a5 31. Rcf1 a4 32. bxa4 Ra5 33. Rg2 Rxa4 34. h5 Ra3 35. hxg6 hxg6 36. Rd2 Qh6 37. Qc8+ Kh7 38. Rh2 Rh5 39. Qd7 Kg8 40. Qe8+ Qf8 41. Qxf8+ Kxf8 42. Rd1 Nf3+ 43. Kg2 Nxh2 44. Kxh2 Rxa2+ 45. Kg3 Ra3 46. Bg4 Rh7 47. Kf4 Rh2 48. Rb1 Kg8 49. e5 1-0


[Site "https://www.chess.com"]

[Event "Titled Tuesday Blitz October 11 Early 2022"]
[White "Srihari L R"]
[Black "Drozdowski, Kacper"]
[WhiteFideId "46617116"]
[BlackFideId "1136720"]
[WhiteElo "2336"]
[BlackElo "2485"]
[Result "1-0"]
[Round "11"]
[TimeControl "180+1"]
[Date "2022.10.11"]
[WhiteClock "0:00:06"]
[BlackClock "0:00:11"]

1. c4 e5 2. Nc3 Nf6 3. Nf3 Nc6 4. d3 Bb4 5. Bd2 O-O 6. e3 Re8 7. Be2 Bxc3 8. Bxc3 d5 9. cxd5 Nxd5 10. Bd2 Bg4 11. a3 Qd6 12. Qc2 Rad8 13. Rc1 Nb6 14. Qc5 Bf5 15. Qxd6 Rxd6 16. e4 Bg4 17. Be3 Bxf3 18. gxf3 Rf6 19. b4 a6 20. Rg1 h6 21. Rg4 Nd7 22. f4 exf4 23. Rxf4 Rd6 24. Rc3 Nde5 25. Bc5 Rd7 26. Rh4 Nd4 27. Bxd4 Rxd4 28. f4 Ng6 29. Rg4 h5 30. Rg3 Nxf4 31. Rxc7 b5 32. h4 Rd6 33. Rc5 g6 34. Rf5 Ne6 35. Rxh5 Rc8 36. Kd2 Rdc6 37. Bd1 Rc1 38. Rd5 Ra1 39. h5 Nf4 40. Rf5 Ra2+ 41. Ke3 Ng2+ 42. Kd4 Rd8+ 43. Rd5 Rxd5+ 44. exd5 Nf4 45. hxg6 fxg6 46. Ke5 Rf2 47. d6 Kf8 48. d4 Ke8 49. Bf3 Nd3+ 50. Ke4 Rd2 51. Ke3 Ra2 52. Kxd3 Rxa3+ 53. Ke4 Kd7 54. Rxg6 Ra1 55. Bg4+ Kc6 56. d7+ Kc7 57. Rc6+ Kxc6 58. d8=Q Re1+ 59. Kd3 Rd1+ 60. Bxd1 1-0


[Site "https://www.chess.com"]

[Event "Titled Tuesday Blitz October 11 Early 2022"]
[White "Stribuk, Artiom"]
[Black "Piesik, Piotr"]
[WhiteFideId "13515659"]
[BlackFideId "1136194"]
[WhiteElo "2279"]
[BlackElo "2323"]
[Result "1-0"]
[Round "11"]
[TimeControl "180+1"]
[Date "2022.10.11"]
[WhiteClock "0:00:21"]
[BlackClock "0:00:26"]

1. d4 c5 2. d5 e5 3. e4 d6 4. Bb5+ Nd7 5. a4 Be7 6. Nf3 Nf6 7. Nbd2 O-O 8. c3 Rb8 9. Bd3 Ne8 10. h4 Nc7 11. h5 h6 12. Nf1 a6 13. a5 b5 14. axb6 Nxb6 15. Ne3 Bd7 16. Qe2 Ra8 17. c4 a5 18. g4 Bg5 19. Nxg5 hxg5 20. Nf5 Bxf5 21. gxf5 f6 22. h6 Kf7 23. Qh5+ Ke7 24. hxg7 Rg8 25. Qh7 Qe8 26. Rh6 Qf7 27. Bxg5 fxg5 28. f6+ Kd8 29. Be2 Ne8 30. Bh5 Rxg7 31. fxg7 Qxg7 32. Bxe8 Qxh7 33. Rxh7 Kxe8 34. Rh8+ Ke7 35. Rxa8 Nxa8 36. Rxa5 Nb6 37. b3 g4 38. Kf1 Nd7 39. Kg2 Nf6 40. Ra7+ Ke8 41. f3 gxf3+ 42. Kxf3 Kf8 43. Rb7 Ke8 44. b4 cxb4 45. Rxb4 Kd8 46. Rb7 Ke8 47. Rc7 Kd8 48. Rc6 Ke7 49. c5 dxc5 50. Re6+ Kf7 51. Rxe5 c4 52. Re6 Nd7 53. Ke3 c3 54. Rc6 1-0


[Site "https://www.chess.com"]

[Event "Titled Tuesday Blitz October 11 Early 2022"]
[White "Tarasova, Viktoriya"]
[Black "Slaby, Jerzy"]
[WhiteFideId "4175840"]
[BlackFideId "1121405"]
[WhiteElo "2182"]
[BlackElo "2537"]
[Result "0-1"]
[Round "11"]
[TimeControl "180+1"]
[Date "2022.10.12"]
[WhiteClock "0:00:01"]
[BlackClock "0:00:51"]

1. d4 Nf6 2. c4 c6 3. Nf3 d5 4. Nc3 a6 5. e3 g6 6. Be2 Bg7 7. O-O O-O 8. b3 Bf5 9. Bb2 Ne4 10. Nxe4 Bxe4 11. Rc1 Nd7 12. Qd2 e6 13. Rfd1 Bxf3 14. Bxf3 f5 15. g3 g5 16. Bg2 g4 17. b4 Nf6 18. a4 Ne4 19. Qd3 h5 20. b5 axb5 21. axb5 Rf7 22. bxc6 bxc6 23. cxd5 cxd5 24. Rc6 Qf6 25. Rdc1 h4 26. Rc8+ Rxc8 27. Rxc8+ Kh7 28. Qc2 h3 29. Bxe4 fxe4 30. Qe2 Qf5 31. Bc3 Rb7 32. Be1 Rb1 33. Kf1 Kg6 34. Rc6 Bf6 35. Rc8 e5 36. Rg8+ Kh7 37. Rxg4 exd4 38. exd4 Bg5 39. Rxg5 Qxg5 40. Qc2 Qc1 41. Qe2 Qd1 42. Qe3 Qd3+ 0-1


[Site "https://www.chess.com"]

[Event "Titled Tuesday Blitz October 11 Early 2022"]
[White "Terry, Renato"]
[Black "Duda, Jan-Krzysztof"]
[WhiteFideId "3803457"]
[BlackFideId "1170546"]
[WhiteElo "2577"]
[BlackElo "2779"]
[Result "0-1"]
[Round "11"]
[TimeControl "180+1"]
[Date "2022.10.11"]
[WhiteClock "0:00:09"]
[BlackClock "0:00:51"]

1. d4 Nf6 2. Nf3 d5 3. c4 e6 4. e3 a6 5. b3 b6 6. Bd3 Bb7 7. O-O Nbd7 8. Bb2 Bd6 9. Nbd2 Ne4 10. Rc1 O-O 11. Qc2 f5 12. Ne5 Bxe5 13. dxe5 Ndc5 14. Be2 Nxd2 15. Qxd2 dxc4 16. Qxd8 Rfxd8 17. Bxc4 Kf7 18. Rfd1 a5 19. Bd4 Nd7 20. Bb5 Rac8 21. f3 Nb8 22. Kf2 Ba6 23. a4 Bxb5 24. axb5 Rd5 25. e4 fxe4 26. fxe4 Rxb5 27. Rd3 Rb4 28. Be3 Kg8 29. Kg1 c5 30. Rd6 Rxe4 31. Bf2 Nc6 32. Bg3 Nd4 33. Rf1 b5 34. Rd7 Nf5 35. Rb7 c4 36. bxc4 bxc4 37. Ra7 c3 38. Rxa5 c2 39. Raa1 Nd4 40. Kh1 Ne2 0-1


[Site "https://www.chess.com"]

[Event "Titled Tuesday Blitz October 11 Early 2022"]
[White "Tiarks, Jann-Christian"]
[Black "Reprintsev, Alexander"]
[WhiteFideId "12951595"]
[BlackFideId "14100541"]
[WhiteElo "2194"]
[BlackElo "2230"]
[Result "1-0"]
[Round "11"]
[TimeControl "180+1"]
[Date "2022.10.12"]
[WhiteClock "0:00:19"]
[BlackClock "0:00:42"]

1. e4 d5 2. exd5 Qxd5 3. Nc3 Qa5 4. d4 Nf6 5. Nf3 Nc6 6. d5 Nb4 7. Bg5 Nbxd5 8. Bd2 Nxc3 9. Bxc3 Qd5 10. Ne5 Qxd1+ 11. Rxd1 c6 12. Bc4 e6 13. O-O Be7 14. Rfe1 O-O 15. h3 a5 16. a4 Nd5 17. Bd2 Bb4 18. Bxb4 axb4 19. b3 f6 20. Nd3 Nc3 21. Ra1 b5 22. Bxe6+ Bxe6 23. Rxe6 bxa4 24. bxa4 Rxa4 25. Rxa4 Nxa4 26. Rxc6 Rb8 27. Rc4 Nc3 28. Rxb4 Rc8 29. Kf1 Ra8 30. g3 h5 31. h4 Ra2 32. Rb2 Ra1+ 33. Kg2 Nd1 34. Rb5 Ra2 35. Rc5 g6 36. Rc7 Ra3 37. Nf4 g5 38. hxg5 fxg5 39. Nxh5 Nc3 40. Rg7+ Kf8 41. Rxg5 Ne4 42. Rf5+ Kg8 43. Nf6+ Nxf6 44. Rxf6 Rc3 45. g4 Rxc2 46. Kg3 Kg7 47. Rb6 Rc3+ 48. f3 Rc4 49. g5 Rd4 50. f4 Rd1 51. Kg4 Ra1 52. Rb7+ Kf8 53. g6 Rg1+ 54. Kf5 Ra1 55. Kg5 Ra6 56. f5 Kg8 57. Kh6 Ra8 58. f6 1-0


[Site "https://www.chess.com"]

[Event "Titled Tuesday Blitz October 11 Early 2022"]
[White "Titichoca Daza, Daniel"]
[Black "Turutin, Alexander"]
[WhiteFideId "3309550"]
[BlackFideId "4180623"]
[WhiteElo "2105"]
[BlackElo "2402"]
[Result "0-1"]
[Round "11"]
[TimeControl "180+1"]
[Date "2022.10.12"]
[WhiteClock "0:00:07"]
[BlackClock "0:00:12"]

1. c4 Nf6 2. g3 g6 3. Bg2 Bg7 4. e4 d6 5. Nc3 O-O 6. Nge2 c5 7. O-O Nc6 8. h3 a6 9. d3 Rb8 10. a4 Ne8 11. Be3 Nd4 12. Bxd4 cxd4 13. Nb1 Qb6 14. Qc2 e5 15. a5 Qc7 16. Nd2 f5 17. exf5 gxf5 18. Rfc1 Be6 19. Bd5 Qf7 20. Bg2 Nf6 21. Nf3 Bh6 22. Rf1 Kh8 23. Qa4 Rbc8 24. b4 f4 25. c5 fxg3 26. fxg3 Be3+ 27. Kh1 Qh5 28. Nfg1 dxc5 29. Bxb7 Bxh3 30. Bf3 Bg4+ 31. Kg2 Bxg1 32. Nxg1 Bxf3+ 33. Nxf3 Ng4 34. Qd7 Ne3+ 35. Kg1 Nxf1 36. Rxf1 Qf7 37. Qd6 Qg7 38. Kg2 cxb4 39. Nxe5 Rc2+ 40. Kh3 Rxf1 41. Qxd4 Rf8 42. Qd5 Rcf2 43. Ng4 R2f5 44. Qe4 Qg6 45. Qd4+ Qg7 46. Qe4 Qg6 47. Qd4+ R5f6 48. Qe4 Qxe4 49. dxe4 h5 50. Ne5 Re6 51. Nc4 Kg7 52. Nb6 Rxb6 53. axb6 Rb8 54. e5 Rxb6 55. e6 Rxe6 56. g4 Rb6 57. Kh4 Kh6 58. g5+ Kg6 59. Kg3 Kxg5 60. Kf3 b3 61. Ke4 b2 62. Kd4 b1=Q 0-1


[Site "https://www.chess.com"]

[Event "Titled Tuesday Blitz October 11 Early 2022"]
[White "Torres Boch, Jose Francisco"]
[Black "Melikhov, Evgeny V."]
[WhiteFideId "2278383"]
[BlackFideId "4122046"]
[WhiteElo "2073"]
[BlackElo "2169"]
[Result "0-1"]
[Round "11"]
[TimeControl "180+1"]
[Date "2022.10.12"]
[WhiteClock "0:00:58"]
[BlackClock "0:00:52"]

1. e4 c5 2. Nf3 d6 3. d4 cxd4 4. Nxd4 Nf6 5. Nc3 a6 6. Bg5 e6 7. f4 Nbd7 8. Qe2 Qc7 9. O-O-O b5 10. a3 Bb7 11. g4 O-O-O 12. Bg2 Kb8 13. e5 dxe5 14. Ndxb5 axb5 15. Bxb7 Qxb7 16. fxe5 h6 17. Bh4 g5 18. Bf2 Nd5 19. Nxb5 Bc5 20. Bxc5 Nxc5 21. Nd6 Nf4 22. Qc4 Qc6 23. b4 Rxd6 24. exd6 Ncd3+ 0-1


[Site "https://www.chess.com"]

[Event "Titled Tuesday Blitz October 11 Early 2022"]
[White "Toshali, V"]
[Black "Mills, Morgen"]
[WhiteFideId "5072611"]
[BlackFideId "2013304"]
[WhiteElo "1973"]
[BlackElo "2208"]
[Result "0-1"]
[Round "11"]
[TimeControl "180+1"]
[Date "2022.10.12"]
[WhiteClock "0:00:44"]
[BlackClock "0:00:07"]

1. d4 d5 2. Nf3 Nf6 3. Bf4 e6 4. Nbd2 Bd6 5. Ne5 Bxe5 6. Bxe5 O-O 7. e3 Nfd7 8. Bg3 c5 9. c3 cxd4 10. exd4 Re8 11. Bd3 Nc6 12. O-O Nf8 13. f4 f6 14. Qh5 Qe7 15. Rae1 Qf7 16. Qh4 Bd7 17. Be2 Ng6 18. Qg4 e5 19. Qh5 exf4 20. Bf2 Re7 21. Bf3 Rae8 22. Bxd5 Be6 23. Bxe6 Rxe6 24. Rxe6 Rxe6 25. d5 Re5 26. Qf3 Qxd5 27. Qxd5+ Rxd5 28. Ne4 b6 29. c4 Rd8 30. a3 Nce5 31. b3 Rd3 32. Rb1 Nc6 33. c5 b5 34. a4 a6 35. axb5 axb5 36. b4 Nge5 37. Nd6 Na7 38. Ra1 Nec6 39. Re1 Ne5 40. g3 fxg3 41. Bxg3 Nf3+ 42. Kf1 Nxe1 43. Kxe1 Rb3 44. c6 Nxc6 45. Nxb5 Rxb4 46. Nc7 Ne5 47. Nd5 Rb5 48. Ne3 Nf3+ 49. Kf2 Ng5 50. Kg2 Ne4 51. Bf4 Rb2+ 52. Kf3 Nc5 53. h4 Nd3 54. Bg3 Kf7 55. Nf5 g6 56. Nd6+ Ke6 57. Ne4 Rb3 58. Kg2 Kf7 59. Nd6+ Kg7 60. Ne8+ Kf7 61. Nd6+ Kf8 62. Ne4 Rb2+ 63. Kf3 Kf7 64. Nd6+ Ke6 65. Ne4 Ne5+ 66. Ke3 Rb3+ 67. Kf2 Rf3+ 68. Kg2 Re3 69. Nc5+ Kf5 70. Nb7 Re2+ 71. Kh3 h6 72. Nd6+ Ke6 73. Ne8 g5 74. Ng7+ Kf7 75. Nf5 Kg6 76. Ne7+ Kf7 77. Nf5 g4# 0-1


[Site "https://www.chess.com"]

[Event "Titled Tuesday Blitz October 11 Early 2022"]
[White "Troltenier, Dirk"]
[Black "Carbone, Diego"]
[WhiteFideId "4606400"]
[BlackFideId "3002179"]
[WhiteElo "2290"]
[BlackElo "2243"]
[Result "0-1"]
[Round "11"]
[TimeControl "180+1"]
[Date "2022.10.12"]
[WhiteClock "0:00:08"]
[BlackClock "0:01:21"]

1. e4 e5 2. Nf3 Nc6 3. Bc4 Bc5 4. c3 Nf6 5. d4 exd4 6. cxd4 Bb4+ 7. Nc3 Nxe4 8. O-O Bxc3 9. d5 Bf6 10. Re1 Ne7 11. Rxe4 d6 12. Bg5 Bxg5 13. Nxg5 f6 14. Qe2 fxg5 15. Re1 O-O 16. Rxe7 Bf5 17. Bd3 Bxd3 18. Qxd3 c6 19. dxc6 bxc6 20. Qc4+ Kh8 21. Qxc6 Rc8 22. Qb7 Qb6 23. Qxb6 axb6 24. Rd7 Rc2 25. Rf7 Kg8 26. Rd7 h6 27. Ree7 Rc1+ 0-1


[Site "https://www.chess.com"]

[Event "Titled Tuesday Blitz October 11 Early 2022"]
[White "Vaibhav Jayant Raut"]
[Black "Machidon, Cristi"]
[WhiteFideId "5089034"]
[BlackFideId "13904590"]
[WhiteElo "2147"]
[BlackElo "2312"]
[Result "1-0"]
[Round "11"]
[TimeControl "180+1"]
[Date "2022.10.11"]
[WhiteClock "0:01:27"]
[BlackClock "0:00:17"]

1. Nf3 d5 2. g3 c6 3. Bg2 Bf5 4. O-O e6 5. d3 Nf6 6. Nbd2 Be7 7. b3 a5 8. a4 O-O 9. Bb2 Nbd7 10. Re1 h6 11. e4 Bh7 12. Qe2 b5 13. Nd4 Qb6 14. axb5 cxb5 15. exd5 Bc5 16. dxe6 Bxd4 17. Bxd4 Qxd4 18. exd7 Ra7 19. Bc6 Qc5 20. Qe3 Nxd7 21. Bxd7 Qxe3 22. Rxe3 Rxd7 23. Rxa5 Rc7 24. c4 Rd8 25. Rxb5 Bxd3 26. Rd5 Rxd5 27. cxd5 Bb5 28. Nc4 Rc5 29. d6 Kf8 30. Re5 Rxe5 31. Nxe5 f6 32. Nf3 Ke8 33. Nd4 Bd3 34. Ne6 g5 35. d7+ 1-0


[Site "https://www.chess.com"]

[Event "Titled Tuesday Blitz October 11 Early 2022"]
[White "Vargas, Mauricio"]
[Black "De Souza, Cristiano Gomes"]
[WhiteFideId "4404572"]
[BlackFideId "2151758"]
[WhiteElo "2025"]
[BlackElo "2068"]
[Result "0-1"]
[Round "11"]
[TimeControl "180+1"]
[Date "2022.10.12"]
[WhiteClock "0:01:26"]
[BlackClock "0:02:07"]

1. e4 c5 2. Nc3 d6 3. f4 a6 4. Nf3 Bg4 5. d3 Nc6 6. Be2 g6 7. O-O Bg7 8. h3 Bxf3 9. Bxf3 Nd4 10. g4 e6 11. Bg2 Ne7 12. Ne2 Nxe2+ 13. Qxe2 O-O 14. c3 Rb8 15. f5 exf5 16. gxf5 gxf5 17. exf5 Bf6 18. Bh6 Re8 19. Qg4+ Kh8 20. Bg5 Ng8 21. Bf4 Be5 22. Bd5 Nf6 23. Qg3 Nxd5 24. Bxe5+ dxe5 25. c4 Nf4 26. Kh2 Rg8 27. Qe3 Rg2+ 28. Kh1 Qd4 29. Rxf4 Qxe3 30. Re4 Qxh3# 0-1


[Site "https://www.chess.com"]

[Event "Titled Tuesday Blitz October 11 Early 2022"]
[White "Vignesh, N R"]
[Black "Vokhidov, Shamsiddin"]
[WhiteFideId "25012215"]
[BlackFideId "14204223"]
[WhiteElo "2386"]
[BlackElo "2619"]
[Result "0-1"]
[Round "11"]
[TimeControl "180+1"]
[Date "2022.10.11"]
[WhiteClock "0:00:07"]
[BlackClock "0:00:15"]

1. d4 Nf6 2. c4 e6 3. Nf3 d5 4. g3 dxc4 5. Bg2 Nbd7 6. O-O c6 7. a4 a5 8. Qc2 b5 9. Rd1 Qb6 10. Ne5 Nxe5 11. dxe5 Nd5 12. Nc3 b4 13. Ne4 Ba6 14. Nd6+ Bxd6 15. exd6 O-O 16. e4 b3 17. Qd2 Nb4 18. Qc3 Nc2 19. Rb1 Rad8 20. e5 f6 21. Bf4 g5 22. Bd2 fxe5 23. Qxe5 Qxf2+ 24. Kh1 Qf5 25. Qxf5 Rxf5 26. Be4 Re5 27. Bxc6 Rxd6 28. Bc3 Rxd1+ 29. Rxd1 Rc5 30. Rd8+ Kf7 31. Rd7+ Kf8 32. Be4 Nb4 33. Rxh7 Nd5 34. Be5 Rc6 35. Rh8+ Kf7 36. Rh7+ Kf8 37. Rh8+ Ke7 38. Rh7+ Kd8 39. Rh8+ Kd7 40. Rh7+ Kc8 41. Rh8+ Kb7 42. Rh7+ Ka8 43. Rh8+ Ka7 44. Bd4+ Kb7 45. h4 gxh4 46. g4 c3 47. Bxd5 exd5 48. Rh7+ Kb8 49. Rh8+ Bc8 50. Be5+ Ka8 51. Bxc3 Rxc3 52. bxc3 b2 53. Rxc8+ Kb7 54. Rc5 b1=Q+ 55. Kg2 Qc2+ 56. Kh3 Qf2 57. Rb5+ Kc6 58. Rxa5 Qg3# 0-1


[Site "https://www.chess.com"]

[Event "Titled Tuesday Blitz October 11 Early 2022"]
[White "Villamayor, Buenaventura"]
[Black "Ambartsumova, Karina"]
[WhiteFideId "5200393"]
[BlackFideId "4166299"]
[WhiteElo "2301"]
[BlackElo "2299"]
[Result "1-0"]
[Round "11"]
[TimeControl "180+1"]
[Date "2022.10.12"]
[WhiteClock "0:00:06"]
[BlackClock "0:00:04"]

1. e4 e5 2. Nf3 Nc6 3. d4 exd4 4. Nxd4 Nf6 5. Nxc6 bxc6 6. e5 Qe7 7. Qe2 Nd5 8. c4 Nb6 9. Nc3 g6 10. g3 Bg7 11. f4 Ba6 12. b3 d6 13. Ba3 O-O 14. Bg2 Qe6 15. Bxc6 dxe5 16. Bxa8 Rxa8 17. O-O-O Rb8 18. Ne4 exf4 19. gxf4 Bxc4 20. Qc2 Bd5 21. Rhe1 c6 22. Nc5 Qf6 23. Bb2 Qxf4+ 24. Kb1 Bxb2 25. Qxb2 Nc4 26. Qc3 Nd6 27. Re7 Qf5+ 28. Ka1 Nb5 29. Qb2 Nd6 30. Rde1 Rd8 31. Nb7 Rf8 32. Nxd6 Qf4 33. Ne8 f6 34. Rd7 h5 35. Rg7+ Kh8 36. Rxg6 Be4 37. Nxf6 Qh4 38. Nxe4+ Kh7 39. Qg7# 1-0


[Site "https://www.chess.com"]

[Event "Titled Tuesday Blitz October 11 Early 2022"]
[White "Weetik, Vjacheslav"]
[Black "Jobava, Baadur"]
[WhiteFideId "4153472"]
[BlackFideId "13601520"]
[WhiteElo "2469"]
[BlackElo "2582"]
[Result "0-1"]
[Round "11"]
[TimeControl "180+1"]
[Date "2022.10.11"]
[WhiteClock "0:00:04"]
[BlackClock "0:01:05"]

1. e4 e6 2. d4 d5 3. Nc3 dxe4 4. Nxe4 Bd7 5. Nf3 Bc6 6. Bd3 Nd7 7. O-O Ngf6 8. Ng3 g6 9. b3 Bg7 10. Ba3 Bf8 11. Bb2 Bg7 12. Ba3 Bxf3 13. Qxf3 c6 14. Rfe1 Qc7 15. Rab1 O-O-O 16. b4 h5 17. h3 h4 18. Ne2 e5 19. b5 c5 20. b6 axb6 21. Nc3 exd4 22. Nb5 Qb8 23. Re7 Rhe8 24. Rxf7 Ne5 25. Bf5+ Nfd7 26. Qd5 Nxf7 27. Qxf7 gxf5 28. Qxg7 Qe5 29. Qf7 Rg8 30. Qc4 Rg7 31. Qa4 Rdg8 32. Qa8+ Qb8 33. Nd6+ Kc7 34. Nb5+ Kd8 35. Qa4 Rxg2+ 36. Kf1 Rxf2+ 37. Kxf2 Qh2+ 38. Kf3 Rg3+ 39. Kf4 Rxa3+ 0-1


[Site "https://www.chess.com"]

[Event "Titled Tuesday Blitz October 11 Early 2022"]
[White "Winkels, Marcel"]
[Black "Gonzalez, Francisco Silva"]
[WhiteFideId "1003887"]
[BlackFideId "1512285"]
[WhiteElo "1900"]
[BlackElo "2159"]
[Result "0-1"]
[Round "11"]
[TimeControl "180+1"]
[Date "2022.10.12"]
[WhiteClock "0:00:03"]
[BlackClock "0:01:12"]

1. e4 e5 2. Nf3 Nc6 3. Bc4 Bc5 4. b4 Bb6 5. b5 Na5 6. Bxf7+ Kxf7 7. Nxe5+ Kf8 8. Qh5 Qf6 9. d4 g6 10. Qd1 d6 11. Nf3 Bg4 12. c3 Re8 13. Nbd2 c5 14. bxc6 bxc6 15. h3 Bxf3 16. gxf3 Kg7 17. Qe2 Nh6 18. Bb2 Nf5 19. O-O-O Nxd4 20. cxd4 Bxd4 21. Nb3 Nxb3+ 22. axb3 Be5 23. h4 Rb8 24. Qc2 Rhc8 25. Bxe5 Qxe5 26. Qb2 Kh6 27. Qxe5 dxe5 28. Kc2 Rf8 29. Rd3 Rf6 30. Rh3 a5 31. Rd7 Rbf8 32. Rd3 R8f7 33. Kd2 Rb7 34. Ke2 Rb5 35. Rh1 c5 36. Rc1 Kh5 37. Rd5 Rxb3 38. Rcxc5 Rbxf3 39. Rxe5+ Kxh4 40. Rxa5 Rxf2+ 41. Ke3 R6f3+ 42. Kd4 Rg3 43. Re7 h5 44. e5 g5 45. e6 g4 46. Rh7 Rd2+ 47. Kc4 Rh3 48. Raxh5+ Kg3 49. e7 Re2 50. Kd5 Kg2 51. Kd6 Rd3+ 52. Kc7 g3 0-1


[Site "https://www.chess.com"]

[Event "Titled Tuesday Blitz October 11 Early 2022"]
[White "Winterberg, Lukas"]
[Black "Vlassov, Nikolai"]
[WhiteFideId "24622702"]
[BlackFideId "4103360"]
[WhiteElo "2349"]
[BlackElo "2324"]
[Result "0-1"]
[Round "11"]
[TimeControl "180+1"]
[Date "2022.10.12"]
[WhiteClock "0:00:04"]
[BlackClock "0:00:16"]

1. e4 c5 2. Nf3 d6 3. c3 Nf6 4. Be2 g6 5. O-O Bg7 6. d3 O-O 7. Nbd2 Nc6 8. Ne1 b5 9. f4 b4 10. Qc2 bxc3 11. bxc3 a5 12. h3 Ba6 13. Nef3 Nd7 14. g4 Nb4 15. cxb4 Bxa1 16. bxa5 Bg7 17. Nb3 Rc8 18. Bd2 Qc7 19. Rc1 Nb8 20. f5 Nc6 21. g5 Rb8 22. h4 Nb4 23. Qb1 d5 24. Kg2 dxe4 25. Ne1 exd3 26. Nxd3 Nxd3 27. Bxd3 Bxd3 28. Qxd3 Rfd8 29. Qe3 Qc6+ 30. Kh3 Qd7 31. Rxc5 gxf5 32. Qf4 Rxb3+ 33. axb3 Qxd2 34. Qxd2 Rxd2 35. b4 Ra2 36. Rxf5 Bc3 37. Rf4 Ra4 38. Rc4 Bxb4 39. Kg4 Kg7 40. a6 h6 41. a7 hxg5 42. hxg5 Rxa7 43. Rxb4 Kg6 44. Re4 e6 45. Rf4 Ra5 46. Rf6+ Kg7 47. Rf4 Re5 48. Kh4 Rf5 49. Rxf5 exf5 50. Kh5 f6 51. g6 Kg8 52. Kh4 Kh8 53. Kg3 Kg7 54. Kf4 Kxg6 55. Kf3 Kg5 56. Kg3 f4+ 57. Kf3 Kf5 58. Kf2 Ke4 59. Kg2 f3+ 0-1


[Site "https://www.chess.com"]

[Event "Titled Tuesday Blitz October 11 Early 2022"]
[White "Wirig, Anthony"]
[Black "Fernandez De La Vara, Arnaldo"]
[WhiteFideId "615013"]
[BlackFideId "3518388"]
[WhiteElo "2474"]
[BlackElo "2387"]
[Result "0-1"]
[Round "11"]
[TimeControl "180+1"]
[Date "2022.10.11"]
[WhiteClock "0:00:04"]
[BlackClock "0:00:03"]

1. e4 c5 2. d4 cxd4 3. c3 d3 4. c4 Nc6 5. Nc3 g6 6. Bxd3 Bg7 7. Nf3 Nf6 8. h3 O-O 9. O-O d6 10. Bg5 Be6 11. Rc1 Nd7 12. Be2 Nc5 13. Nd2 Qb6 14. b3 Qa5 15. Nd5 Rfe8 16. a4 Bxd5 17. exd5 Nd4 18. Be3 Qb4 19. Rb1 a6 20. Nf3 Nxe2+ 21. Qxe2 b5 22. cxb5 axb5 23. axb5 Reb8 24. Bd2 Qxb5 25. Qxe7 Rb6 26. Rfe1 Nd3 27. Re4 Qxd5 28. Qh4 Bf8 29. Rd4 Qf5 30. Rd1 Ne5 31. Nh2 h5 32. Be3 Nc6 33. g4 hxg4 34. hxg4 Qe6 35. Rd5 Rb4 36. Kf1 Ne5 37. Qg3 Rxb3 38. R5d4 Rab8 39. Kg2 Rb1 40. Kg1 Rxd1+ 41. Rxd1 Rb3 42. Qg2 Bg7 43. f4 Rxe3 44. fxe5 Bxe5 45. Nf3 Re4 46. Ng5 Bd4+ 47. Kh1 Re1+ 48. Kh2 Qe5+ 49. Kh3 Rxd1 50. Qb7 Qe3+ 51. Kh4 Rh1+ 52. Nh3 Rxh3# 0-1


[Site "https://www.chess.com"]

[Event "Titled Tuesday Blitz October 11 Early 2022"]
[White "Xu, Yi"]
[Black "Sarana, Alexey"]
[WhiteFideId "8605564"]
[BlackFideId "24133795"]
[WhiteElo "2471"]
[BlackElo "2689"]
[Result "0-1"]
[Round "11"]
[TimeControl "180+1"]
[Date "2022.10.11"]
[WhiteClock "0:00:09"]
[BlackClock "0:01:30"]

1. e4 c5 2. Nf3 d6 3. d4 cxd4 4. Nxd4 Nf6 5. Nc3 a6 6. Bg5 e6 7. f4 Nbd7 8. Qe2 Qc7 9. O-O-O b5 10. a3 Rb8 11. g4 Be7 12. Bxf6 Bxf6 13. g5 Bxd4 14. Rxd4 e5 15. Nd5 Qa7 16. Rd1 exf4 17. Nxf4 Ne5 18. Rxd6 O-O 19. Rd1 Bg4 20. Qd2 Bxd1 21. Kxd1 Rbd8 22. Nd5 Rfe8 23. Be2 Qf2 24. Rf1 Qxh2 25. Kc1 Nc4 26. Qd3 Qe5 27. Qc3 Qxg5+ 28. Nf4 Rxe4 29. Qf3 Rde8 30. Kb1 Rxf4 0-1


[Site "https://www.chess.com"]

[Event "Titled Tuesday Blitz October 11 Early 2022"]
[White "Yeletsky, Ivan"]
[Black "Halkias, Stelios"]
[WhiteFideId "24180327"]
[BlackFideId "4201809"]
[WhiteElo "2391"]
[BlackElo "2453"]
[Result "0-1"]
[Round "11"]
[TimeControl "180+1"]
[Date "2022.10.11"]
[WhiteClock "0:00:02"]
[BlackClock "0:00:13"]

1. e4 c5 2. Nf3 d6 3. d4 cxd4 4. Nxd4 Nf6 5. Nc3 a6 6. Be3 e5 7. Nb3 Be7 8. f3 Be6 9. Qd2 h5 10. Nd5 Bxd5 11. exd5 Nbd7 12. O-O-O Qc7 13. Kb1 Nb6 14. Bf2 Nbxd5 15. g3 O-O 16. Bd3 b5 17. h4 Rfe8 18. Bf5 g6 19. Bd3 Bf8 20. g4 hxg4 21. h5 gxf3 22. hxg6 e4 23. Bd4 Bg7 24. Rdg1 exd3 25. Qxd3 f2 26. Rf1 fxg6 27. Rxf2 Qf7 28. Rfh2 Re6 29. Qh3 Nh5 30. Qg2 Rae8 31. Qg1 Ndf4 32. Bxg7 Qxg7 33. a3 Re2 34. Qb6 Rxh2 35. Rxh2 Qf7 36. Qxd6 Re6 37. Qd8+ Kg7 38. Rd2 Re8 39. Qd4+ Qf6 40. Qc5 Re7 41. Rd6 Qf7 42. Qd4+ Kh6 43. Nc5 Re1+ 44. Qd1 Rxd1+ 45. Rxd1 g5 0-1


[Site "https://www.chess.com"]